 Dungeon Crawl Stone Soup version 0.30-a0-728-gc68057be0a (webtiles) character file.

Game seed: 5685661472417029516

10 pascalblue the Chopper (level 2, 21/21 (25) HPs)
             Began as a Hill Orc Reaver on Jan 31, 2023.
             Quit the game on level 1 of the Dungeon.
             The game lasted 00:02:52 (660 turns).

pascalblue the Chopper (Hill Orc Reaver)             Turns: 660, Time: 00:02:53

HP:   21/21 (25)    AC:  3    Str: 14    XL:     2   Next: 20%
MP:   4/4           EV: 11    Int: 13    God:
Gold: 63            SH:  0    Dex:  9    Spells: 3/4 levels left

rFire   . . .      SeeInvis .    a - +0 hand axe
rCold   . . .      Faith    .    (no shield)
rNeg    . . .      Spirit   .    b - +0 leather armour
rPois   .          Reflect  .    (no helmet)
rElec   .          Harm     .    (no cloak)
rCorr   .          Rampage  .    (no gloves)
Will    .....                    (no boots)
Stlth   +                        (no amulet)
HPRegen 0.23/turn                (no ring)
MPRegen 0.09/turn                (no ring)

@: heavily drained
A: no striking features
a: no special abilities


You were on level 1 of the Dungeon.
You visited 1 branch of the dungeon, and saw 1 of its levels.

You collected 63 gold pieces.

Inventory:

Hand Weapons
 a - a +0 hand axe (weapon)
Armour
 b - a +0 leather armour (worn)
Scrolls
 c - a scroll of brand weapon {unknown}
 h - a scroll of identify {unknown}
 i - a scroll of butterflies {unknown}
Potions
 d - a potion of lignification {unknown}
 e - 2 potions of curing {unknown}
 f - a potion of resistance {unknown}
 g - 3 potions of heal wounds {unknown}
 j - a potion of magic {unknown}
 k - a potion of attraction {unknown}
 l - a potion of berserk rage {unknown}


   Skills:
 + Level 2.6 Fighting
 + Level 4.2 Axes
 + Level 1.7 Dodging
 + Level 1.7 Spellcasting
 + Level 3.1 Conjurations


You had 3 spell levels left.
You knew the following spells:

 Your Spells              Type           Power      Damage    Failure   Level
a - Kiss of Death         Conj/Necr      20%        2d7       19%         1

Your spell library contained the following spells:

 Spells                   Type           Power      Damage    Failure   Level
 Momentum Strike          Conj/Tloc      10%        3d8       26%         2
 Hailstorm                Conj/Ice       5%         3d4       47%         3
 Portal Projectile        Hex/Tloc       2%         N/A       69%         3
 Tukima's Dance           Hex            1%         N/A       69%         3
 Blade Hands              Tmut           0%         N/A       100%        5


Dungeon Overview and Level Annotations

Branches:
Dungeon (1/15)

Altars:


Message History

The bat misses you.
Casting: Kiss of Death (safe; 19% risk of failure)
Confirm with . or Enter, or press ? or * to list all spells.
Aiming: Kiss of Death (safe; 19% risk of failure)
Press: ? - help, Shift-Dir - straight line, f - bat
Aim: a bat (100% to hit)
The negative energy hits the bat!
The bat is drained!
You kill the bat!
You feel drained.
j - a pink potion
There are no items here.
Casting: Kiss of Death (safe; 19% risk of failure)
Confirm with . or Enter, or press ? or * to list all spells.
Okay, then.
Okay, then.
You open the door.
There is an open door here.
k - a ruby potion You now have 42 gold pieces (gained 16).
Found a stone staircase leading down.
There is a stone staircase leading down here.
Found a stone staircase leading down.
There is a stone staircase leading down here.
e - 2 clear potions (gained 1)
Found a hand axe.
l - a glowing clear potion You see here a +0 hand axe.
There is a stone staircase leading down here.
You now have 56 gold pieces (gained 14).
You open the large door.
There is a large open door here.
There is a large open door here.
You now have 63 gold pieces (gained 7).
g - 3 coppery potions (gained 1) Done exploring.
Save game and exit?
Welcome back, pascalblue the Hill Orc Reaver.
Press ? for a list of commands and other information.
Okay, then.
Are you sure you want to abandon this character and quit the game? (Confirm with "yes".)

######## #......#
#......# #......# ####
#......# #... #......#
#####... #..@...#
#.......
#......#########....
###'#####...........
######'#####.#####.....
#............# #..###
#............# #..#..
#............# #..#.#
##...#...###.# ###....#
#.#.###.###.###....###


There were no monsters in sight!

Vanquished Creatures
  A bat (D:1)
  2 endoplasms (D:1)
  A hobgoblin (D:1)
  2 jackals (D:1)
  A kobold (D:1)
  A frilled lizard (D:1)
8 creatures vanquished.

Notes
Turn   | Place    | Note
-------+----------+-------------------------------------------
     0 | D:1      | pascalblue the Hill Orc Reaver began the quest for the Orb.
     0 | D:1      | Reached XP level 1. HP: 18/18 MP: 3/3
   350 | D:1      | Reached XP level 2. HP: 19/25 MP: 4/4
   660 | D:1      | Quit the game

Illustrated notes

Levels and vault maps discovered:
D:1:      tarquinn_simple_flora_water_d, layout_basic

Action                     || total
---------------------------++-------
  Melee: Hand axe          ||    24
         Punch             ||     1
   Cast: Kiss of Death     ||     2
 Armour: Leather armour    ||     8
  Dodge: Dodged            ||    13

Table legend: (Time is in decaauts)
 A = Elapsed time spent in this place.
 B = Non-inter-level travel time spent in this place.
 C = Inter-level travel time spent in this place.
 D = Time resting spent in this place.
 E = Time spent auto-exploring this place.
 F = Levels seen in this place.
 G = Mean time per level.
                   A        B        C        D        E       F      G
               +--------+--------+--------+--------+--------+-----+--------+
         Total |    662 |    662 |      0 |      0 |    572 |   1 |  662.0 |
       Dungeon |    662 |    662 |      0 |      0 |    572 |   1 |  662.0 |
               +--------+--------+--------+--------+--------+-----+--------+

Top non-repeatable levels by time:
     D:1: 662 daAuts
